 Dungeon Crawl Stone Soup version 0.17.0-24-gcfadda4 (webtiles) character file.

25 Sorcv the Sneak (level 2, 0/19 HPs)
             Began as a Mummy Enchanter on Nov 15, 2015.
             Slain by an adder (1 damage)
             ... on level 1 of the Dungeon.
             The game lasted 00:02:45 (1389 turns).

Sorcv the Sneak (Mummy Enchanter)                   Turns: 1389, Time: 00:02:45

Health: 0/19       AC:  3    Str: 11    XL:     2   Next: 82%
Magic:  0/5        EV: 12    Int: 14    God:
Gold:   71         SH:  0    Dex: 12    Spells: 2 memorised, 2 levels left

rFire  x . .     SeeInvis .     a - +1 dagger
rCold  + . .     Clarity  .     b - +1 robe
rNeg   + + +     SustAt   .     (no shield)
rPois  ∞         Gourm    .     (no helmet)
rElec  .         Spirit   .     (no cloak)
rCorr  .         Warding  .     (no gloves)
rMut   .         Stasis   .     (no boots)
MR     .....                    (no amulet)
Stlth  ++........               (no ring)
                                (no ring)

@: very slightly contaminated, not resistant to hostile enchantments, unstealthy
A: no food or potions, fire vulnerability, cold resistance 1, negative energy
resistance 3, torment resistance, unbreathing
a: no special abilities


You were on level 1 of the Dungeon.
You were not hungry.

You visited 1 branch of the dungeon, and saw 2 of its levels.

You collected 71 gold pieces.

Inventory:

Hand Weapons
 a - a +1 dagger (weapon)
Armour
 b - a +1 robe (worn)
Scrolls
 d - a scroll of teleportation {unknown}
 e - a scroll of enchant weapon {unknown}
 f - a scroll of enchant armour {unknown}
 g - a scroll of magic mapping {unknown}
 h - a scroll of identify {unknown}
Books
 c - a book of Maledictions

   Spells                             Type                      Level
   a - Corona                         Hexes                        1
   b - Ensorcelled Hibernation        Hexes/Ice                    2
   c - Confuse                        Hexes                        3
   d - Tukima's Dance                 Hexes                        3
   e - Dazzling Spray                 Conjuration/Hexes            3


   Skills:
 - Level 0.7 Short Blades
 - Level 1.5 Dodging
 + Level 3.2 Stealth
 - Level 2.0 Spellcasting
 - Level 3.0 Hexes


You had 2 spell levels left.
You knew the following spells:

 Your Spells              Type           Power        Failure   Level  Hunger
a - Corona                Hex            #......      10%         1    N/A
b - Ensorcelled Hibernat  Hex/Ice        #.....       21%         2    N/A

Dungeon Overview and Level Annotations

Branches:
Dungeon (2/15)

Altars:


Innate Abilities, Weirdness & Mutations

You do not eat or drink.
Your flesh is vulnerable to fire.
You are immune to poison.
Your flesh is cold resistant.
You are immune to negative energy.
You are immune to unholy pain and torment.
You can survive without breathing.


Message History

The adder struggles to resist.
The adder bites you. The adder bites you.
* * * LOW HITPOINT WARNING * * *
The adder misses you.
There is an escape hatch in the ceiling here.
The adder bites you.
* * * LOW HITPOINT WARNING * * *
A mysterious force pulls you upwards. The hatch slams shut behind you.
The adder barely misses you. The adder completely misses you.
The adder bites you.
* * * LOW HITPOINT WARNING * * *
Unknown command.
Casting: Corona
Confirm with . or Enter, or press ? or * to list all spells.
Aiming: Corona
Press: ? - help, Shift-Dir - straight line, f - adder
Aim: an adder (chance to defeat MR: 52%)
You miscast Corona.
Your hands glow momentarily.
The adder bites you but does no damage. The adder barely misses you.
You closely miss the adder. The adder bites you.
You die...

#.....# ##+## # #...).# #.#
# #.....# #.# # #.....#
#####.#### # ##.(.##
##........# # ###...###
#.........# # #.......#
#..##...#.######
#....(..####..###..........
#.........@S...##..#.######
###...######.......#.#
#...# #..####.#.# #####
#.........# ###########


You could see an adder.

Vanquished Creatures
  A giant gecko (D:2)
  2 bats (D:1)
  2 giant cockroaches (D:1)
  4 hobgoblins
  2 jackals (D:1)
  5 kobolds
  A giant newt (D:1)
  3 goblins
  2 rats
22 creatures vanquished.

Notes
Turn   | Place    | Note
--------------------------------------------------------------
     0 | D:1      | Sorcv the Mummy Enchanter began the quest for the Orb.
     0 | D:1      | Reached XP level 1. HP: 13/13 MP: 3/3
   250 | D:1      | Reached skill level 3 in Hexes
   394 | D:1      | Reached XP level 2. HP: 14/19 MP: 5/5
   413 | D:1      | Learned a level 2 spell: Ensorcelled Hibernation
  1389 | D:1      | Slain by an adder

Action                   || total
-------------------------++-------
Melee: Dagger            ||   104
 Cast: Corona            ||     4
       Ensorcelled Hiber ||     3
 Stab: Sleeping          ||     3
